Map: Ley Lines

Players

Jumy (ForJumy)

  • Race: Protoss Protoss
  • League: Grandmaster
  • Spawn Location: 7:00

Serral - Winner!

  • Race: Zerg Zerg
  • League: Master
  • Spawn Location: 1:00

Event: HomeStory Cup XXVI

VOD

Have the link to the VOD?

Description

Time

  • Played on: Nov. 30, 2024, 3:08 p.m.
  • Length: 7:50

All games in this series

Show
View Real Time Build Order
Export as new Build Order

Jumy Protoss 

Build Orders: 1 Gate Expand 

Get SALT Encoding   

  12  0:00  Probe  
  13  0:12  Probe  
  14  0:18  Pylon  
  14  0:24  Probe  
  15  0:32  Probe  
  15  0:39  Gateway  
  15  0:40  Probe  
  16  0:47  Assimilator  
  17  0:50  Probe  
  18  1:03  Probe  
  19  1:15  Probe  
  20  1:23  Nexus  
  20  1:34  Cybernetics Core  
  20  1:37  Probe  
  21  1:43  Assimilator  
  21  1:49  Probe  
  21  1:52  Pylon  
  22  2:01  Probe  
  23  2:10  Adept  
  23  2:13  Probe  
  26  2:19  Stargate  
  26  2:23  Warp Gate  
  26  2:24  Probe  
  27  2:31  Probe  
  27  2:33  Probe  
  29  2:39  Probe  
  29  2:40  Adept  
  29  2:41  Probe  
  32  2:48  Probe  
  33  2:51  Probe  
  33  2:56  Probe  
  35  3:04  Probe  
  41  3:08  Void Ray  
  41  3:12  Probe, Gateway  
  41  3:17  Probe  
  43  3:20  Pylon  
  43  3:25  Probe  
  44  3:31  Probe  
  46  3:46  Twilight Council, Nexus  
  45  3:49  Pylon  
  45  3:59  Robotics Facility  
  45  4:00  Oracle  
  45  4:01  Charge  
  45  4:03  Shield Battery  
  45  4:08  Gateway  
  45  4:14  Adept  
  50  4:26  Gateway  
  50  4:27  Gateway  
  50  4:33  Gateway  
  50  4:41  Warp Prism  
  50  4:43  Gateway  
  50  4:44  Gateway  
  52  4:53  Probe  
  52  4:58  Gateway  
  53  5:04  Zealot x2  
  57  5:09  Zealot  
  57  5:12  Pylon  
  59  5:22  Zealot x2  
  59  5:26  Zealot  
  59  5:27  Zealot  
  67  5:31  Zealot x2  
  71  5:41  Zealot x2  
  75  5:48  Zealot x4  
  79  5:56  Zealot x2  
  79  5:57  Zealot  
  81  6:01  Sentry  
  67  6:21  Probe x2  
  67  6:26  Zealot x8  
  67  6:31  Pylon  
  81  6:32  Pylon  
  81  6:34  Pylon  
  75  6:45  Zealot x4  
  81  6:57  Zealot x5  
  92  7:09  Pylon  
  92  7:10  Pylon  
  92  7:18  Zealot x6  
  99  7:39  Zealot x5  
  99  7:40  Zealot x2  
  99  7:42  Zealot  
  99  7:43  Zealot x7  
Show
View Real Time Build Order
Export as new Build Order

Serral Zerg - Winner!

Build Orders: Hatch First 

Get SALT Encoding   

  12  0:00  Drone  
  13  0:09  Drone  
  14  0:16  Overlord  
  15  0:35  Drone  
  15  0:42  Hatchery  
  14  0:46  Drone  
  16  0:50  Drone  
  16  0:54  Drone  
  17  0:57  Drone  
  18  1:09  Extractor  
  17  1:12  Spawning Pool  
  17  1:16  Drone  
  17  1:19  Drone  
  18  1:29  Drone  
  19  1:40  Drone  
  20  1:50  Overlord  
  21  1:54  Drone  
  21  2:00  Queen x2  
  25  2:02  Drone  
  25  2:05  Zergling x2  
  27  2:13  Drone  
  27  2:15  Metabolic Boost  
  28  2:16  Drone  
  29  2:23  Drone  
  29  2:26  Drone  
  31  2:37  Hatchery  
  31  2:39  Drone  
  31  2:43  Overlord  
  31  2:50  Queen  
  33  2:52  Drone  
  33  2:54  Drone  
  35  3:00  Overlord  
  35  3:03  Drone  
  36  3:08  Queen  
  36  3:09  Drone  
  36  3:10  Drone  
  40  3:13  Drone  
  40  3:19  Overlord  
  41  3:20  Drone x2  
  41  3:22  Drone  
  44  3:30  Queen  
  44  3:31  Drone  
  44  3:32  Drone  
  48  3:40  Zergling x4  
  50  3:41  Drone  
  50  3:42  Drone  
  50  3:43  Overlord  
  52  3:50  Drone  
  52  3:54  Drone  
  52  3:55  Drone  
  57  4:00  Spore Crawler  
  57  4:01  Spore Crawler, Pneumatized Carapace  
  55  4:03  Drone  
  55  4:04  Drone  
  55  4:06  Drone  
  55  4:09  Drone x2  
  60  4:15  Zergling x4  
  60  4:16  Overlord  
  60  4:17  Drone x3  
  60  4:22  Overlord  
  60  4:23  Drone  
  64  4:28  Extractor, Roach Warren  
  64  4:29  Drone  
  63  4:32  Drone  
  63  4:33  Drone x2  
  63  4:38  Lair  
  66  4:39  Drone x4  
  66  4:43  Overlord, Drone  
  71  4:49  Extractor, Overlord  
  71  4:52  Drone x2  
  71  4:56  Drone  
  71  4:58  Zergling x2  
  71  4:59  Extractor, Zergling x4  
  74  5:02  Spore Crawler, Drone  
  74  5:07  Queen  
  74  5:12  Hatchery  
  75  5:15  Roach  
  75  5:16  Roach x4  
  86  5:22  Extractor, Roach x3  
  86  5:23  Overlord  
  86  5:28  Spine Crawler  
  90  5:29  Roach x2  
  90  5:30  Roach  
  90  5:31  Spine Crawler  
  90  5:35  Evolution Chamber  
  94  5:36  Overlord  
  94  5:37  Overlord  
  94  5:39  Overlord  
  94  5:47  Roach x2  
  98  5:53  Roach  
  98  6:00  Roach x8  
  98  6:02  Roach  
  110  6:07  Roach x2  
  113  6:14  Glial Reconstitution  
  111  6:19  Drone x4  
  111  6:20  Drone x3  
  117  6:29  Drone x2  
  117  6:31  Drone  
  120  6:35  Drone  
  120  6:37  Hatchery  
  117  6:43  Drone x2  
  117  6:44  Overlord  
  117  6:46  Drone x2  
  121  6:49  Overlord  
  121  6:50  Overlord  
  121  6:58  Overlord  
  121  6:59  Overseer  
  121  7:06  Roach x4  
  129  7:10  Roach x3  
  129  7:13  Roach  
  129  7:14  Roach x2  
  141  7:18  Overlord  
  141  7:21  Roach x2  
  141  7:22  Roach  
  147  7:23  Ravager x3  
  147  7:28  Roach x2  
Tags
 
Add a new tag
Caveats
  • Supply blocks, unpowered buildings, or Contaminate may cause inaccurate times.
  • Supply counts are checked every 10 seconds.